 Dungeon Crawl Stone Soup version 0.24-a0-307-gf989941 (webtiles) character file.

Game seed: 7877811795554357823

201914 MatthieuS the Brawler (level 17, 0/171 HPs)
             Began as a Troll Fighter on May 12, 2019.
             Was a Priest of Elyvilon.
             Slain by a merfolk
             ... wielding a +2 trident of piercing
              (1 damage)
             ... on level 2 of the Shoals on May 13, 2019.
             The game lasted 01:49:08 (33502 turns).

MatthieuS the Brawler (Troll Fighter)              Turns: 33502, Time: 01:49:09

Health: 0/171      AC: 16    Str: 33    XL:     17   Next: 93%
Magic:  34/34      EV: 16    Int:  7    God:    Elyvilon [***...]
Gold:   666        SH:  0    Dex: 14    Spells: 14/16 levels left

rFire    + . .     SeeInvis .     - Unarmed
rCold    + + +     Gourm    +   C - +4 shield {reflect}
rNeg     . . .     Faith    .   y - +0 swamp dragon scales
rPois    +         Spirit   .   d - +2 hat of Panentheism {rF+ Dex+3}
rElec    +         Reflect  +   G - +2 cloak
rCorr    +         Harm     .   (gloves unavailable)
MR       ++...                  (boots unavailable)
Stlth    ..........             s - amulet "Let Vin" {Fragile +Rage rElec rC+++ Int+3}
HPRegen  0.78/turn              b - ring of Heczita {MR+ MP+9 Str+2}
MPRegen  0.24/turn              T - ring of resist corrosion

@: confused, berserk cooldown, slowed, very slow
A: large, unfitting armour, claws 3, fast metabolism 3, gourmand, regeneration
1, shaggy fur 1, tough skin 3
}: 1/15 runes: gossamer
a: Lesser Healing, Heal Other, Purification, Divine Protection, Renounce
Religion, Evoke Berserk Rage


You were on level 2 of the Shoals.
You worshipped Elyvilon.
Elyvilon was most pleased with you.
You were not hungry.

You visited 6 branches of the dungeon, and saw 30 of its levels.
You also visited: Sewer.

You collected 3050 gold pieces.
You spent 2384 gold pieces at shops.

Inventory:

Hand Weapons
 a - a +3 scimitar of flaming
   (You took it off Erica on level 2 of the Lair of Beasts)
Missiles
 f - 119 poisoned darts
 p - 7 large rocks
 r - 5 atropa-tipped darts (quivered)
 A - 4 curare-tipped darts {!f}
 E - 3 throwing nets {!f}
Armour
 d - the +2 hat of Panentheism (worn) {rF+ Dex+3}
   (You bought it in a shop on level 8 of the Dungeon)

   It affects your dexterity (+3).
   It protects you from fire.
 y - +0 swamp dragon scales (worn)
   (You found it on level 12 of the Dungeon)
 C - a +4 shield of reflection (worn)
   (You took it off Donald on level 2 of the Shoals)
 G - a +2 cloak (worn)
   (You found it on level 4 of the Dungeon)
Jewellery
 b - the ring of Heczita (left claw) {MR+ MP+9 Str+2}
   (You bought it in a shop on level 10 of the Dungeon)

   [ring of protection from magic]

   It affects your strength (+2).
   It affects your resistance to hostile enchantments.
   It affects your magic capacity (+9).
 s - the amulet "Let Vin" (around neck) {Fragile +Rage rElec rC+++ Int+3}
   (You bought it in a shop on level 2 of the Orcish Mines)

   [amulet of rage]

   It affects your intelligence (+3).
   It renders you almost immune to cold.
   It insulates you from electricity.
   It lets you go berserk.
   It will be destroyed if unequipped.
 z - an uncursed ring of see invisible
   (You bought it in a shop on level 10 of the Dungeon)
 T - a ring of resist corrosion (right claw)
   (You found it on level 14 of the Dungeon)
Wands
 c - a wand of disintegration (9)
   (You found it on level 4 of the Spider Nest)
 t - a wand of flame (3)
   (You took it off a centaur on level 8 of the Dungeon)
 u - a wand of paralysis (20)
   (You found it on level 3 of the Dungeon)
 v - a wand of digging (3)
   (You found it on level 13 of the Dungeon)
 J - a wand of polymorph (20)
   (You took it off Eustachio on level 4 of the Dungeon)
 O - a wand of enslavement (9)
   (You found it on level 6 of the Lair of Beasts)
Scrolls
 g - 12 scrolls of teleportation {@r4}
 l - 19 scrolls of remove curse {@r2}
 q - 5 scrolls of immolation {!r}
 B - 4 scrolls of fog
 P - 7 scrolls of identify {@r1}
Potions
 i - 2 potions of ambrosia
 j - 2 potions of mutation {!q}
 m - 6 potions of brilliance
 n - 2 potions of curing {@q1}
 o - 9 potions of flight
 w - 7 potions of lignification {!q}
 D - 4 potions of haste {@q3}
 I - a potion of cancellation
Miscellaneous
 x - a phantom mirror
 N - a phial of floods (inert)
   (You found it on level 6 of the Lair of Beasts)
Comestibles
 e - 73 rations


   Skills:
 + Level 11.6 Fighting
 + Level 11.7 Dodging
 + Level 11.6 Shields
 * Level 18.1 Unarmed Combat
 + Level 12.3 Invocations
 + Level 4.8 Evocations


You had 14 spell levels left.
You knew the following spells:

 Your Spells              Type           Power        Failure   Level  Hunger
b - Blink                 Tloc           N/A          69%         2    ###....

Your spell library contained the following spells:

 Spells                   Type           Power        Failure   Level  Hunger
 Animate Skeleton         Necr           N/A          54%         1    ##.....
 Beastly Appendage        Tmut           #.....       54%         1    ##.....
 Magic Dart               Conj           #...         54%         1    ##.....
 Pain                     Necr           #...         54%         1    ##.....
 Summon Butterflies       Summ           #.......     54%         1    ##.....
 Summon Small Mammal      Summ           #...         54%         1    ##.....
 Call Imp                 Summ           #.......     69%         2    ###....
 Slow                     Hex            #.......     69%         2    ###....
 Sticks to Snakes         Tmut           #.......     69%         2    ###....
 Call Canine Familiar     Summ           #.......     89%         3    ####...
 Conjure Flame            Conj/Fire      #.......     89%         3    ####...
 Mephitic Cloud           Conj/Pois/Air  #.......     89%         3    ####...
 Regeneration             Chrm/Necr      #.........   89%         3    ####...
 Spider Form              Tmut/Pois      #.........   89%         3    ####...
 Summon Guardian Golem    Hex/Summ       #.......     89%         3    ####...
 Vampiric Draining        Necr           #.........   89%         3    ####...
 Airstrike                Air            #.........   100%        4    #####..
 Animate Dead             Necr           N/A          100%        4    #####..
 Ice Form                 Ice/Tmut       #.......     100%        4    #####..
 Summon Ice Beast         Ice/Summ       #.......     100%        4    #####..
 Summon Lightning Spire   Summ/Air       #.......     100%        4    #####..
 Blade Hands              Tmut           #.........   100%        5    ######.
 Metabolic Englaciation   Hex/Ice        #.........   100%        5    ######.
 Summon Mana Viper        Hex/Summ       #.......     100%        5    ######.
 Bolt of Cold             Conj/Ice       #.........   100%        6    #######
 Conjure Ball Lightning   Conj/Air       #.........   100%        6    #######
 Freezing Cloud           Conj/Ice/Air   #.........   100%        6    #######
 Ozocubu's Refrigeration  Ice            #.........   100%        6    #######
 Simulacrum               Ice/Necr       #.........   100%        6    #######
 Summon Hydra             Summ           #.........   100%        7    #######


Dungeon Overview and Level Annotations

Branches:
Dungeon (15/15)            Temple (0/1) D:5            Lair (6/6) D:10
 Shoals (2/4) Lair:3       Spider (4/4) Lair:4        Slime (0/5) Lair:6
    Orc (2/2) D:9             Elf (1/3) Orc:2        Vaults (0/5) D:14
 Depths (0/5) D:15

Altars:
Ashenzari
Cheibriados
Elyvilon
Kikubaaqudgha
Makhleb
Nemelex Xobeh
Okawaru
Trog
Wu Jian
Xom
Yredelemnul
Zin
The Shining One

Shops:
D:8 [   D:10 =   Orc:2 %([=

Portals:
Hell: Lair:6

Annotations:
D:11 3 runed translucent doors, uncommongray's ghost, journeyman HOMo
Lair:6 3 runed translucent doors, exclusion: 2 oklob plants, yakattack420's ghost, journeyman FoFi


Innate Abilities, Weirdness & Mutations

You are too large for most types of armour.
You have claws for hands.
Your metabolism is lightning-fast.
You like to eat raw meat.
Your natural rate of healing is unusually fast.
You are covered in fur. (AC +1)
You have extremely tough skin. (AC +3)


Message History

You mangle the merfolk!!
You are no longer berserk.
You are exhausted.
You feel yourself slow down. You block the snapping turtle's attack.
You block the merfolk's attack. The merfolk hits you with a +0 trident!
* * * LOW HITPOINT WARNING * * *
You completely miss the merfolk. You block the merfolk's attack.
The snapping turtle barely misses you. The merfolk barely misses you.
You block the merfolk's attack.
You claw the merfolk!
You kill the merfolk!
You block the merfolk's attack. You block the snapping turtle's attack.
The merfolk hits you but does no damage.
You are healed.
You feel somewhat more hungry. You block the merfolk's attack.
The snapping turtle barely misses you. You block the merfolk's attack.
The merfolk closely misses you. You block the merfolk's attack.
You block the snapping turtle's attack. You block the merfolk's attack.
Items here: $ ( ) [ a +1 spear of venom; 3 silver javelins; a +0 leather armour; 14 gold pieces You closely miss the merfolk.
Splash!
You fall into the shallow water.
Moving in this stuff is going to be slow.
The merfolk misses you.
The snapping turtle bites you but does no damage.
The merfolk closely misses you.
You closely miss the merfolk. You block the merfolk's attack.
You block the snapping turtle's attack.
The merfolk hits you but does no damage.
You closely miss the merfolk. You block the merfolk's attack.
The snapping turtle bites you from afar!
* * * LOW HITPOINT WARNING * * *
You block the merfolk's attack.
You claw the merfolk!
The merfolk hits you but does no damage.
The snapping turtle closely misses you.
The merfolk hits you but does no damage.
You barely miss the merfolk. You block the merfolk's attack.
You block the snapping turtle's attack.
The merfolk hits you with a +2 trident of piercing!!
* * * LOW HITPOINT WARNING * * *
* * * LOW HITPOINT WARNING * * *
You are confused.
You feel invigorated. The merfolk misses you.
The snapping turtle bites you from afar!
* * * LOW HITPOINT WARNING * * *
The merfolk hits you with a +2 trident of piercing.
* * * LOW HITPOINT WARNING * * *
You die...

≈............≈≈≈.#
....≈≈≈≈....≈≈≈≈≈#
...≈≈≈≈≈.#..≈≈≈≈.## .≈≈
.......≈...≈≈≈≈≈..###.≈≈≈
......≈≈≈≈≈≈≈≈≈≈≈≈≈≈≈≈≈≈≈
.≈≈≈≈≈≈≈≈≈≈≈≈≈≈≈≈≈≈≈≈≈≈≈≈
≈≈≈≈≈≈≈≈≈≈≈≈≈≈≈≈≈≈≈≈≈≈.≈≈
≈≈≈≈≈≈≈≈≈≈≈≈≈≈(mm≈≈≈≈≈...
..≈≈≈≈≈≈≈≈)≈≈..:@)t≈≈≈.##
..≈≈≈≈≈≈≈≈≈≈..#.≈.(≈≈...#..
...≈≈≈≈≈≈≈≈≈....))≈≈≈≈...≈%
≈.....≈≈.≈≈≈...≈≈≈≈≈≈(≈≈...
.....≈≈..≈≈≈....≈≈≈≈≈≈(≈≈..
..≈≈≈≈...≈≈.>##.≈≈≈≈≈≈..≈..
...≈≈≈.......###≈≈≈≈≈≈≈.≈..
....≈..[.#.....≈≈..≈≈≈$(≈≈.
≈≈≈.....#####....##.≈≈≈≈≈≈≈


You could see a snapping turtle and 2 merfolk.

Vanquished Creatures
  Rupert (D:14)
  Agnes (D:14)
  Kirke (Lair:6)
  Donald (Shoals:2)
  Gastronok (Lair:2)
  Ilsuiw (Shoals:2)
  Aizul (Shoals:2)
  2 ghost moths
  4 emperor scorpions (Spider:4)
  6 entropy weavers
  A dire elephant (Lair:6)
  2 merfolk javelineers (Shoals:2)
  3 spark wasps
  An ettin (Orc:2)
  Josephine (Lair:4)
  A rakshasa (D:15)
  A yaktaur captain (D:15)
  4 hydras
  Fannar (Lair:2)
  2 vault guards (D:14)
  A catoblepas (D:13)
  Erica (Lair:2)
  A merfolk avatar (Shoals:1)
  4 centaur warriors
  A queen ant (Spider:4)
  6 dancing weapons
  5 two-headed ogres
  An orc high priest (Orc:1)
  Urug (Lair:6)
  3 deep elf knights (Elf:1)
  A sixfirhy (Lair:6)
  5 sea snakes
  4 wizards
  A lindwurm (Lair:5)
  3 deep elf archers (Elf:1)
  2 unseen horrors
  10 harpies
  2 orc knights (Orc:2)
  15 orb spiders
  23 deep elf magi
  20 ugly things
  4 oklob plants (Lair:4)
  29 wolf spiders
  6 slime creatures
  2 cyclopes
  A wolf spider zombie (D:15)
  6 orc sorcerers
  3 moths of wrath
  5 manticores
  A faun (Shoals:1)
  2 merfolk sirens (Shoals:2)
  A water nymph (Shoals:2)
  9 elephants
  Maurice (Orc:1)
  4 black mambas
  3 centaur zombies
  3 torpor snails
  3 orange demons (Lair:6)
  A storm dragon simulacrum (D:15)
  4 gargoyles (D:12)
  2 centaur skeletons
  A rime drake (shapeshifter) (Elf:1)
  11 spiny frogs
  15 komodo dragons
  3 rime drakes
  18 demonic crawlers
  A yaktaur (D:15)
  A hellwing (Lair:6)
  3 ice devils (Lair:6)
  A tengu conjurer (D:11)
  5 trolls
  A queen bee (Orc:1)
  12 tyrant leeches
  33 jumping spiders
  7 merfolk
  2 wind drakes (Shoals:1)
  2 polar bears (Lair:5)
  8 blink frogs
  13 hippogriffs
  14 hornets
  A meliai zombie (D:14)
  A dream sheep (Lair:6)
  4 snapping turtles
  A centaur simulacrum (D:15)
  2 air elementals (Elf:1)
  5 water elementals
  7 wraiths
  47 redbacks
  A spriggan (D:9)
  23 tarantellas
  A shadow (D:14)
  2 fire elementals (Elf:1)
  A wyvern (D:15)
  Eustachio (D:4)
  Grum (Lair:1)
  21 yaks
  2 hogs (Lair:6)
  18 humans (D:14)
  3 basilisks
  A hungry ghost (D:8)
  6 vampire mosquitoes
  4 swamp worms (Spider:2)
  Edmund (D:4)
  3 wargs
  2 acid dragons
  17 water moccasins
  25 soldier ants
  4 hell hounds (Lair:6)
  10 porcupines
  30 orc warriors
  A swamp drake (Orc:2)
  6 black bears
  4 phantoms
  5 ice beasts
  4 sky beasts
  2 necrophages (D:13)
  12 ogres
  32 centaurs
  17 wolves
  The ghost of Dernum the Insei, an amateur MfTm (D:3)
  2 big kobolds
  9 crocodiles
  21 bullfrogs
  Blork the orc (Orc:2)
  2 gnoll sergeants (D:6)
  A wyvern zombie (D:13)
  A wyvern skeleton (D:9)
  3 scorpions
  24 killer bees
  7 wights
  5 howler monkeys
  7 electric eels
  2 crimson imps
  A bullfrog zombie (D:13)
  A quasit (D:15)
  13 orc priests
  3 gnoll shamans (D:6)
  15 hounds
  A bullfrog skeleton (D:12)
  5 jellies
  19 orc wizards
  11 iguanas
  An iron imp (Orc:2)
  34 worker ants
  A killer bee zombie (D:10)
  3 hound skeletons
  A worker ant zombie (D:6)
  21 gnolls
  19 adders
  7 river rats
  4 shadow imps
  An adder skeleton (D:4)
  3 worms (D:2)
  3 dart slugs
  5 leopard geckos
  81 orcs
  5 ball pythons
  10 giant cockroaches
  9 goblins
  9 hobgoblins
  10 jackals
  32 kobolds
  9 quokkas
  10 bats
  10 frilled lizards
  A jackal skeleton (D:4)
  3 leopard gecko skeletons (D:4)
  A quokka skeleton (D:6)
  30 rats
  2 fungi
  4 plants
1199 creatures vanquished.

Vanquished Creatures (collateral kills)
  A wolf spider (Spider:1)
  A redback (Spider:1)
  A tarantella (Spider:4)
  5 killer bees (Orc:1)
  3 orcs (D:12)
11 creatures vanquished.

Vanquished Creatures (others)
  A merfolk javelineer (Shoals:2)
  A merfolk impaler (Shoals:2)
  An unseen horror (D:15)
  A centaur zombie (D:15)
  A merfolk siren (Shoals:2)
  3 jumping spiders
  A hornet (Spider:4)
  A redback (Spider:2)
  A tarantella (Spider:1)
  2 humans (Lair:6)
  5 killer bees (Orc:1)
  A white imp (Orc:2)
  An orc (Orc:2)
  13 fungi
  10 plants
43 creatures vanquished.

Grand Total: 1253 creatures vanquished

Notes
Turn   | Place    | Note
-------+----------+-------------------------------------------
     0 | D:1      | MatthieuS the Troll Fighter began the quest for the Orb.
     0 | D:1      | Reached XP level 1. HP: 22/22 MP: 0/0
   178 | D:1      | Reached XP level 2. HP: 25/29 MP: 1/1
   603 | D:2      | Found a white marble altar of Elyvilon.
   616 | D:2      | Reached XP level 3. HP: 36/36 MP: 2/2
   619 | D:2      | Became a worshipper of Elyvilon the Healer
   661 | D:2      | Found a snail-covered altar of Cheibriados.
   722 | D:2      | Reached skill level 3 in Unarmed Combat
   722 | D:2      | Reached XP level 4. HP: 35/44 MP: 3/3
   848 | D:2      | Found an iron altar of Okawaru.
   936 | D:2      | Reached skill level 1 in Invocations
  1149 | D:2      | Found a glowing golden altar of the Shining One.
  1183 | D:2      | Found a basalt altar of Yredelemnul.
  1183 | D:2      | Found an ancient bone altar of Kikubaaqudgha.
  1354 | D:3      | Reached * piety under Elyvilon
  1362 | D:3      | Reached XP level 5. HP: 48/52 MP: 4/4
  1789 | D:3      | Found a runed translucent gate.
  1789 | D:3      | Found a runed translucent gate.
  1789 | D:3      | Noticed Dernum's ghost (amateur MfTm)
  1790 | D:3      | Found a runed translucent gate.
  1850 | D:3      | Killed Dernum's ghost
  1850 | D:3      | Reached skill level 4 in Unarmed Combat
  1850 | D:3      | Reached XP level 6. HP: 54/61 MP: 4/6
  2109 | D:4      | Found a glowing drain.
  2119 | D:4      | Noticed Eustachio
  2122 | Sewer    | Entered a sewer
  2143 | Sewer    | Reached ** piety under Elyvilon
  2467 | Sewer    | Reached XP level 7. HP: 67/67 MP: 7/7
  2636 | D:4      | Killed Eustachio
  2636 | D:4      | Reached skill level 5 in Unarmed Combat
  2672 | D:4      | Noticed Edmund
  2687 | D:4      | Killed Edmund
  2908 | D:4      | Found a bloodstained altar of Trog.
  3021 | D:4      | Found a glowing silver altar of Zin.
  3021 | D:4      | Noticed an angel
  3108 | D:5      | Entered Level 5 of the Dungeon
  3331 | D:5      | Reached XP level 8. HP: 70/78 MP: 9/9
  3392 | D:5      | Found a glowing golden altar of the Shining One.
  3393 | D:5      | Found a shimmering altar of Xom.
  3447 | D:5      | Reached skill level 6 in Unarmed Combat
  3471 | D:5      | Found a staircase to the Ecumenical Temple.
  3550 | D:5      | Reached *** piety under Elyvilon
  4167 | D:6      | Reached skill level 7 in Unarmed Combat
  4271 | D:6      | Reached XP level 9. HP: 79/85 MP: 11/11
  4327 | D:6      | Found a burning altar of Makhleb.
  4327 | D:6      | Noticed a balrug
  4344 | D:6      | Reached **** piety under Elyvilon
  4471 | D:6      | Reached skill level 5 in Fighting
  4599 | D:6      | Reached skill level 5 in Dodging
  4599 | D:6      | Reached skill level 8 in Unarmed Combat
  4687 | D:6      | Reached skill level 5 in Shields
  5244 | D:7      | Reached skill level 5 in Invocations
  5360 | D:7      | Found a shattered altar of Ashenzari.
  5502 | D:7      | Reached XP level 10. HP: 86/96 MP: 12/12
  5504 | D:7      | Reached ***** piety under Elyvilon
  5613 | D:7      | Found an ornate altar of the Wu Jian Council.
  5630 | D:7      | Got a silken robe
  5650 | D:7      | Identified the +4 robe of Xemmicio {rElec rF+} (You found
                  | it on level 7 of the Dungeon)
  5829 | D:8      | Reached skill level 9 in Unarmed Combat
  5989 | D:8      | Found a sparkling altar of Nemelex Xobeh.
  6145 | D:8      | Found Keaschae's Armour Shoppe.
  6150 | D:8      | Bought the +2 hat of Panentheism {rF+ Dex+3} for 377 gold
                  | pieces
  6469 | D:9      | Paralysed by a hornet for 1 turns
  6687 | D:9      | Found a staircase to the Orcish Mines.
  7093 | D:10     | Entered Level 10 of the Dungeon
  7093 | D:10     | Found Sakuum's Jewellery Shoppe.
  7179 | D:10     | Reached skill level 10 in Unarmed Combat
  7244 | D:10     | Reached XP level 11. HP: 90/105 MP: 14/14
  7250 | D:10     | Found a staircase to the Lair.
  7618 | D:10     | Identified the Disquisition on the Cankerous Birds
  7742 | Lair:1   | Entered Level 1 of the Lair of Beasts
  7747 | Lair:1   | Noticed Grum
  7790 | Lair:1   | Killed Grum
  8095 | Lair:1   | HP: 2/107 [komodo dragon (18)]
  8383 | Lair:1   | Reached skill level 11 in Unarmed Combat
  9166 | Lair:2   | Noticed Gastronok
  9178 | Lair:2   | Killed Gastronok
  9178 | Lair:2   | Reached XP level 12. HP: 102/118 MP: 16/16
  9213 | Lair:2   | Noticed Fannar
  9221 | Lair:2   | Killed Fannar
  9257 | Lair:2   | Noticed Erica
  9266 | Lair:2   | Killed Erica
  9863 | Lair:3   | Reached ****** piety under Elyvilon
  9953 | Lair:3   | Reached skill level 12 in Unarmed Combat
 10449 | Lair:3   | Found a staircase to the Shoals.
 11147 | Lair:4   | Found a hole to the Spider Nest.
 11212 | Lair:4   | Noticed Josephine
 11222 | Lair:4   | Killed Josephine
 12042 | Lair:4   | Reached XP level 13. HP: 86/127 MP: 18/18
 12221 | Lair:5   | Reached skill level 13 in Unarmed Combat
 13226 | Lair:6   | Entered Level 6 of the Lair of Beasts
 13430 | Lair:6   | Noticed Kirke
 13460 | Lair:6   | Killed Kirke
 13716 | Lair:6   | Noticed Urug
 13772 | Lair:6   | Killed Urug
 14039 | Lair:6   | Found a burning altar of Makhleb.
 14106 | Lair:6   | Found a gateway to Hell.
 14224 | Lair:6   | Reached skill level 14 in Unarmed Combat
 14237 | Lair:6   | Noticed a dire elephant
 14248 | Lair:6   | Killed a dire elephant
 14608 | Lair:6   | Found a runed translucent gate.
 14608 | Lair:6   | Found a runed translucent gate.
 14608 | Lair:6   | Found a runed translucent gate.
 14608 | Lair:6   | Noticed yakattack420's ghost (journeyman FoFi)
 14747 | Lair:6   | Found a staircase to the Slime Pits.
 14984 | D:10     | Reached XP level 14. HP: 128/137 MP: 19/19
 15034 | Orc:1    | Entered Level 1 of the Orcish Mines
 15091 | Orc:2    | Entered Level 2 of the Orcish Mines
 15342 | Orc:1    | Noticed Maurice
 15353 | Orc:1    | Killed Maurice
 16233 | Orc:2    | Found a staircase to the Elven Halls.
 16825 | Orc:2    | Noticed Blork the orc
 16840 | Orc:2    | Killed Blork the orc
 17273 | Orc:2    | Found Foceolae's Weapon Shop.
 17273 | Orc:2    | Found Reen's Armour Shoppe.
 17275 | Orc:2    | Found Bat Efe's Jewellery Emporium.
 17277 | Orc:2    | Found Daysidgh's Food Boutique.
 17284 | Orc:2    | Bought the amulet "Let Vin" {Fragile +Rage rElec rC+++
                  | Int+3} for 1166 gold pieces
 17289 | Orc:2    | Bought a ration for 70 gold pieces
 17553 | D:11     | Paralysed by a hornet for 3 turns
 18105 | D:11     | Found a runed translucent gate.
 18105 | D:11     | Found a runed translucent gate.
 18105 | D:11     | Found a runed translucent gate.
 18149 | D:11     | Noticed uncommongray's ghost (journeyman HOMo)
 18535 | D:12     | Reached skill level 15 in Unarmed Combat
 18793 | D:12     | Reached skill level 10 in Invocations
 19561 | D:13     | Found a shimmering altar of Xom.
 19872 | D:13     | Found Ehoujuvu's Distillery.
 20339 | D:14     | Reached XP level 15. HP: 140/149 MP: 21/21
 20411 | D:14     | Found a gate to the Vaults.
 20469 | D:14     | Got a heavy robe
 20488 | D:14     | Identified the cursed +1 robe of the Stars {Str+2} (You
                  | found it on level 14 of the Dungeon)
 20966 | D:14     | Noticed Agnes
 20983 | D:14     | Killed Agnes
 20983 | D:14     | Reached skill level 10 in Dodging
 21083 | D:14     | Reached skill level 10 in Fighting
 21205 | D:14     | Noticed Rupert
 21228 | D:14     | Killed Rupert
 21228 | D:14     | Reached skill level 10 in Shields
 21461 | D:15     | Entered Level 15 of the Dungeon
 22150 | D:15     | Reached skill level 16 in Unarmed Combat
 22443 | D:15     | Found a staircase to the Depths.
 22772 | D:15     | Learned a level 2 spell: Blink
 22959 | Spider:1 | Entered Level 1 of the Spider Nest
 23034 | Lair:4   | HP: 4/152 [poisoned by a redback]
 24136 | Spider:1 | Reached XP level 16. HP: 159/159 MP: 23/23
 24425 | Spider:1 | Reached skill level 1 in Evocations
 27539 | Spider:3 | Reached skill level 17 in Unarmed Combat
 27664 | Spider:3 | Got a bloodstained robe
 27686 | Spider:3 | Identified the +0 robe of Urpheck {rElec rF++ Int-4} (You
                  | found it on level 3 of the Spider Nest)
 27963 | Spider:4 | Entered Level 4 of the Spider Nest
 28595 | D:10     | Bought an uncursed ring of see invisible for 165 gold
                  | pieces
 29079 | Spider:4 | Reached XP level 17. HP: 80/170 MP: 24/24
 30345 | Spider:4 | Got a gossamer rune of Zot
 30571 | Shoals:1 | Entered Level 1 of the Shoals
 30665 | Shoals:1 | Found the +7 mace of Variability {chain chaos}
 31730 | Shoals:2 | Noticed Donald
 31730 | Shoals:2 | Noticed Ilsuiw
 31755 | Shoals:2 | Killed Donald
 31801 | Shoals:2 | Killed Ilsuiw
 31802 | Shoals:2 | Noticed Aizul
 31804 | Shoals:2 | HP: 8/170 [harpy (22)]
 31804 | Shoals:2 | Elyvilon protects you from harm!
 31804 | Shoals:2 | HP: 3/170 [harpy (5)]
 31808 | Shoals:2 | Elyvilon protects you from harm!
 31809 | Shoals:2 | HP: 2/170 [poisoned by Aizul (bolt of poison)]
 32103 | D:10     | Bought the ring of Heczita {MR+ MP+9 Str+2} for 606 gold
                  | pieces
 32165 | Elf:1    | Entered Level 1 of the Elven Halls
 32712 | Elf:1    | Reached skill level 18 in Unarmed Combat
 33159 | Shoals:2 | Killed Aizul
 33502 | Shoals:2 | HP: 4/171 [snapping turtle (10)]
 33502 | Shoals:2 | HP: 1/171 [merfolk/+2 trident of piercing (3)]
 33502 | Shoals:2 | Slain by a merfolk

Levels and vault maps discovered:
D:1:      dpeg_arrival_rhombus, layout_basic
D:2:      minmay_door_path, layout_rooms, cheibriados_altar_1, elyvilon_altar_1,
          okawaru_gym_becter, nicolae_overflow_hidden_temple,
          serial_bayou_pond_d, nicolae_tso_swordbearing_angel
D:3:      layout_basic, gammafunk_ghost_split
D:4:      layout_basic, zin_angel, lemuel_coloured_pillars_altar,
          cheibrodos_sewer_entry_sluice, uniq_edmund, uniq_eustachio
D:5:      layout_loops_corners, gammafunk_temple_overflow_pools,
          minmay_temple_entry_purple_smoke, first_ration
D:6:      layout_cave_pools, serial_gnoll_camp, gnoll_camp_mini_doghouse,
          gnoll_camp_mini_loothouse, gnoll_camp_medium_02,
          gnoll_camp_mini_house, gnoll_camp_mini_hut, gnoll_camp_mini_basic,
          grunt_decor_mini_mirrors, makhleb_altar_promises_db
D:7:      layout_loops_cross, ashenzari_conservatory_becter, kennysheep_mini
D:8:      layout_basic, nemelex_xobeh_ov_fountains_minmay, serial_shops,
          kennysheep_little_box
D:9:      layout_roguey, orc_0_dummy, the_bakery, nrook_loot_triangle
D:10:     layout_rooms, due_lair_maze_entry_diamond, serial_shops,
          nicolae_shop_trees
D:11:     layout_rooms, maelrawn_ghost_gauntlet_escape
D:12:     cheibrodos_statue_roulette, layout_stronghold
D:13:     layout_basic, serial_shops, kennysheep_mini_moat,
          minmay_misc_feat_square, xom_teletrap_fun
D:14:     layout_basic, grunt_vaults_entry_tiered,
          hangedman_abyss_or_decor_lesser_grid, nrook_mini_backslash,
          uniq_rupert, uniq_agnes
D:15:     grunt_enter_depths_snipers, layout_loops_corners, wad_floor_pattern_2
Lair:1:   layout_cave_shapes, beast_lair_carwin_6, grunt_megastairs_1,
          serial_bayou_shore_b, serial_bayou_shore_b, uniq_grum
Lair:2:   layout_cave_pods, uniq_fannar, uniq_erica, uniq_gastronok
Lair:3:   layout_cave_pods, minmay_shoals_entry_hut, serial_bayou_shore_b
Lair:4:   layout_roguey, spider_nest_entry_webs, minivault_27,
          serial_bayou_shore_b, minmay_lair_oklob_chamber, uniq_josephine
Lair:5:   layout_cave_shapes, chequers_serial_rivers_micro_b, grunt_megastairs_2
Lair:6:   evil_forest, layout_gridlike, minmay_slime_entry_oklob_enclosed,
          gammafunk_ghost_necromancy, lemuel_fruit_tree,
          infiniplex_staircase_pool_2, serial_bayou_shore_b, uniq_urug,
          uniq_kirke
Shoals:1: layout_shoals
Shoals:2: layout_shoals, nicolae_shoals_hunting_party, uniq_ilsuiw, uniq_aizul,
          uniq_donald
Spider:1: layout_chambers, spiders_nest_hornet_nest
Spider:2: layout_spider_delve, worms_lemuel
Spider:3: layout_spider_delve, drop_trap
Spider:4: guppyfry_spider_rune, minivault_29
Orc:1:    layout_diamond_mine, special_room [special_room_bee], uniq_maurice
Orc:2:    st_orc_rangers, layout_diamond_mine, hangedman_minor_magic
Elf:1:    minmay_elf_arrival_summoners, layout_geoelf_diagonals, serial_shops,
          shop, minmay_elf_annihilation, grunt_ministairs_8, chequers_big_river

Skill      XL: |  1  2  3  4  5  6  7  8  9 10 11 12 13 14 15 16 17 |
---------------+----------------------------------------------------+-----
Unarmed Combat | 3 4 5 7 8 10 11 12 14 15 16 17 18 | 18.1
Invocations    | 1 2 4 5 6 7 8 9 10 11 12 | 12.3
Dodging        | 3 4 5 6 7 8 9 10 11 | 11.7
Fighting       | 3 4 5 6 7 8 9 10 11 | 11.6
Shields        | 3 4 5 6 7 8 9 10 11 | 11.6
Evocations     | 3 4 |  4.8

Action                   |  1- 3 |  4- 6 |  7- 9 | 10-12 | 13-15 | 16-18 || total
-------------------------+-------+-------+-------+-------+-------+-------++-------
Melee: Unarmed           |   100 |   300 |   424 |   769 |  1550 |  1105 ||  4248
       Scimitar          |       |       |       |       |    20 |       ||    20
Throw: Dart              |       |       |       |     3 |       |     1 ||     4
Invok: Greater Healing   |       |       |       |     9 |    10 |     9 ||    28
       Purification      |       |       |       |     2 |     4 |     3 ||     9
       Divine Vigour     |       |       |       |     1 |     9 |     1 ||    11
       Heal Other        |       |       |       |       |       |     8 ||     8
       Divine Protection |       |       |       |       |       |     1 ||     1
       Lesser Healing    |       |       |       |       |       |     1 ||     1
 Abil: Evoke Berserk Rag |       |       |       |       |     5 |    16 ||    21
Evoke: Wand              |       |       |       |     1 |    36 |    46 ||    83
       Phial of floods   |       |       |       |       |     1 |     1 ||     2
  Use: Potion            |       |     3 |       |    15 |     6 |    19 ||    43
       Scroll            |       |       |     5 |    15 |     7 |    16 ||    43
 Stab: Distracted        |     1 |       |       |       |       |       ||     1
       Sleeping          |     1 |       |       |     3 |     5 |       ||     9
       Paralysed         |       |       |       |     3 |       |     2 ||     5
       Invisible         |       |       |       |     4 |       |       ||     4
       Held in net/web   |       |       |       |       |     1 |     1 ||     2
  Eat: Chunk             |    12 |    17 |    28 |    70 |   121 |    88 ||   336
       Ration            |       |       |       |       |       |     7 ||     7
Armor: Robe              |    26 |    95 |    94 |   200 |   370 |       ||   785
       Skin              |       |       |     5 |       |       |       ||     5
       Swamp dragon scal |       |       |       |       |    58 |   428 ||   486
Dodge: Dodged            |    26 |   113 |   136 |   265 |   746 |   693 ||  1979
Block: Shield            |    31 |   143 |   184 |   246 |   924 |   651 ||  2179
       Large shield      |       |       |       |   201 |       |   285 ||   486
       Reflection        |       |       |       |       |       |    17 ||    17
       Rpst.: Scimitar   |       |       |       |       |     4 |       ||     4

Table legend:
 A = Non-vault XP
 B = Vault XP
 C = Vault XP percentage of total XP
 D = Non-vault monster count
 E = Vault monster count
 F = Vault count percentage of total count
                 A         B        C        D         E       F
            +---------+---------+-------+---------+---------+-------
      Total |  181404 |  100847 |  35.7 |     806 |     400 |  33.2
            +---------+---------+-------+---------+---------+-------
        D:1 |      33 |       0 |   0.0 |      19 |       0 |   0.0
        D:2 |      68 |      74 |  52.1 |      28 |       6 |  17.6
        D:3 |      98 |     121 |  55.3 |      28 |       4 |  12.5
        D:4 |     450 |     379 |  45.7 |      25 |       5 |  16.7
        D:5 |     891 |       0 |   0.0 |      22 |       0 |   0.0
        D:6 |     823 |    1107 |  57.4 |      17 |      31 |  64.6
        D:7 |    1371 |       0 |   0.0 |      27 |       0 |   0.0
        D:8 |    1167 |       0 |   0.0 |      21 |       0 |   0.0
        D:9 |    1516 |     211 |  12.2 |      22 |       1 |   4.3
       D:10 |    4692 |    1434 |  23.4 |      27 |      12 |  30.8
       D:11 |    5703 |       0 |   0.0 |      45 |       0 |   0.0
       D:12 |    6894 |    1606 |  18.9 |      40 |       4 |   9.1
       D:13 |    6562 |       0 |   0.0 |      50 |       0 |   0.0
       D:14 |    5327 |   12597 |  70.3 |      24 |      27 |  52.9
       D:15 |   19860 |    2359 |  10.6 |      49 |       3 |   5.8
     Lair:1 |    3252 |    3462 |  51.6 |      12 |      14 |  53.8
     Lair:2 |    1961 |    3884 |  66.4 |      10 |       3 |  23.1
     Lair:3 |    2801 |     256 |   8.4 |      13 |       1 |   7.1
     Lair:4 |    8737 |    5349 |  38.0 |      36 |      16 |  30.8
     Lair:5 |    6449 |    1451 |  18.4 |      22 |       4 |  15.4
     Lair:6 |    4358 |   13725 |  75.9 |      16 |      30 |  65.2
   Shoals:1 |   10991 |       0 |   0.0 |      22 |       0 |   0.0
   Shoals:2 |    8162 |    6902 |  45.8 |      17 |       5 |  22.7
   Spider:1 |   19701 |    1967 |   9.1 |      56 |       7 |  11.1
   Spider:2 |   14109 |    4964 |  26.0 |      33 |      17 |  34.0
   Spider:3 |   10626 |       0 |   0.0 |      26 |       0 |   0.0
   Spider:4 |   10569 |   26095 |  71.2 |      26 |      81 |  75.7
      Orc:1 |    3752 |    1884 |  33.4 |      26 |      20 |  43.5
      Orc:2 |    4020 |    5986 |  59.8 |      15 |      51 |  77.3
      Elf:1 |   16461 |    4873 |  22.8 |      32 |      10 |  23.8
      Sewer |       0 |     161 | 100.0 |       0 |      48 | 100.0
            +---------+---------+-------+---------+---------+-------
